 Dungeon Sprint DCSS version 0.31-a0-963-ga325b2283a (webtiles) character file.

Game seed: 5750081801371345640

4320 sircluck the Grappler (level 10, -1/115 HPs)
             Began as a Troll Berserker on Oct 25, 2023.
             Was a High Priest of Trog.
             Slain by a vampire knight
             ... wielding a +0 great mace
              (12 damage)
             ... in the Dungeon (Sprint VII: "The Pits").
             The game lasted 00:02:52 (706 turns).

sircluck the Grappler (Troll Berserker)              Turns: 706, Time: 00:02:53

Health: -1/115     AC:  7    Str: 34    XL:     10   Next: 11%
Magic:  9/9        EV: 13    Int:  3    God:    Trog [*****.]
Gold:   0          SH:  0    Dex:  9    Spells: 9/9 levels left

rFire   . .          .
                       - Unarmed
rCold   . . .        (no shield)
rNeg    . . .        a - +0 animal skin
rPois   .            (helmet restricted)
rElec   .            (no cloak)
rCorr   .            (gloves unavailable)
SInv    .            (boots unavailable)
Will    .....        (no amulet)
Stlth   +            k - +3 ring of protection
HPRegen 1.19/turn    l - +3 ring of strength
MPRegen 0.11/turn

%: no teleportation
@: no status effects
A: large, unfitting armour, claws 3, regeneration 1, shaggy fur 1, tough skin 1
a: Renounce Religion, Berserk, Trog's Hand, Brothers in Arms


You were in the Dungeon.
You worshipped Trog.
Trog was extremely pleased with you.
You visited 1 branch

Inventory:

Armour
 a - a +0 animal skin (worn)
 n - a +0 troll leather armour
Jewellery
 k - a +3 ring of protection (left claw)
 l - a +3 ring of strength (right claw)
Scrolls
 i - 2 scrolls of vulnerability
 j - a scroll of summoning
Potions
 b - 6 potions of curing
 c - 12 potions of heal wounds
 d - 3 potions of haste
 e - 4 potions of magic
 f - 3 potions of berserk rage
 h - 2 potions of invisibility
 m - a potion of mutation


   Skills:
 + Level 11.8 Fighting
 + Level 4.4 Armour
 + Level 11.7 Dodging
 + Level 13.8 Unarmed Combat


You had 9 spell levels left.
You didn't know any spells.
Your spell library was empty.

Dungeon Overview and Level Annotations

Branches:
Dungeon (1/1)

Altars:
Ashenzari
Cheibriados
Dithmenos
Elyvilon
Fedhas
Gozag
Hepliaklqana
Kikubaaqudgha
Makhleb
Nemelex Xobeh
Okawaru
Qazlal
Ru
Sif Muna
Trog
Uskayaw
Vehumet
Wu Jian
Xom
Yredelemnul
Zin
The Shining One
Jiyva
Lugonu


Innate Abilities, Weirdness & Mutations

You are too large for most types of armour.
You have claws for hands.
Your natural rate of healing is unusually fast.
You are covered in fur. (AC +1)
You have tough skin. (AC +1)


Message History

The bolt barely misses you.
The yaktaur shoots a bolt.
The bolt hits you!!
The yaktaur unwields a +0 arbalest.
The yaktaur completely misses you.
You scratch the yaktaur but do no damage.
You claw the yaktaur!
The yaktaur is moderately wounded.
The yaktaur hits you!
You scratch the yaktaur.
The yaktaur is moderately wounded.
The yaktaur hits you but does no damage.
You claw the yaktaur!
The yaktaur is heavily wounded.
You mangle the yaktaur!!
You kill the yaktaur!
Trog accepts your kill.
You see here a +0 arbalest.
You start resting.
HP restored.
A yellow draconian comes into view. It is wielding a +0 long sword.
The yellow draconian roars!
A vampire knight comes into view. It is wielding a +0 great mace.
The vampire knight shouts!
The vampire knight mumbles some strange words.
The vampire knight seems to speed up.
The yellow draconian hits you with a +0 long sword!
You scratch the yellow draconian.
The yellow draconian is lightly wounded.
The yellow draconian hits you with a +0 long sword!
You barely miss the yellow draconian.
The yellow draconian is lightly wounded.
The yellow draconian completely misses you.
The vampire knight hits you with a +0 great mace!!
The vampire knight bites you!
The vampire knight draws strength from your injuries!
You claw the yellow draconian!
The yellow draconian is lightly wounded.
The vampire knight hits you with a +0 great mace!!
* * * LOW HITPOINT WARNING * * *
The vampire knight bites you!
You die...

########################
.................V......
....)...........@d......
############++##########


You could see a yellow draconian and a vampire knight (fast).

Vanquished Creatures
  A yaktaur (D)
  3 blink frogs (D)
  A flying skull (D)
  A spriggan (D)
  Eustachio (D)
  A small abomination (D)
  A warg (D)
  Edmund (D)
  A wolf (D)
  An ogre (D)
  A necrophage (D)
  A scorpion (D)
  3 orc priests (D)
  An iguana (D)
  Terence (D)
  A gnoll (D)
  An adder (D)
  9 orcs (D)
  A ball python (D)
  2 giant cockroaches (D)
  2 goblins (D)
  A hobgoblin (D)
  2 jackals (D)
  A frilled lizard (D)
  A rat (D)
40 creatures vanquished.

Vanquished Creatures (collateral kills)
  Urug (D)
  A flayed ghost (D)
  An orc knight (D)
  A troll (D)
  2 blink frogs (D)
  A warg (D)
  An orc priest (D)
  An orc wizard (D)
  A gnoll (D)
  2 orcs (D)
12 creatures vanquished.

Grand Total: 52 creatures vanquished

Notes
Turn   | Place    | Note
-------+----------+-------------------------------------------
     0 | D        | sircluck the Troll Berserker began the quest for the Orb.
     0 | D        | Reached XP level 1. HP: 22/22 MP: 0/0
    17 | D        | Reached XP level 2. HP: 23/31 MP: 1/1
    21 | D        | Found a bloodstained altar of Trog.
    21 | D        | Found a shimmering blue altar of Sif Muna.
    21 | D        | Found a viscous altar of Jiyva.
    21 | D        | Found a hazy altar of Hepliaklqana.
    21 | D        | Found an opulent altar of Gozag.
    22 | D        | Found a glowing golden altar of the Shining One.
    22 | D        | Found a glowing silver altar of Zin.
    22 | D        | Found a basalt altar of Yredelemnul.
    22 | D        | Found a shimmering altar of Xom.
    22 | D        | Found an ornate altar of the Wu Jian Council.
    22 | D        | Found a sacrificial altar of Ru.
    22 | D        | Found a stormy altar of Qazlal.
    22 | D        | Found an iron altar of Okawaru.
    22 | D        | Found a sparkling altar of Nemelex Xobeh.
    22 | D        | Found a burning altar of Makhleb.
    22 | D        | Found a blossoming altar of Fedhas.
    22 | D        | Found a white marble altar of Elyvilon.
    22 | D        | Found a shadowy altar of Dithmenos.
    22 | D        | Found a snail-covered altar of Cheibriados.
    24 | D        | Found a radiant altar of Vehumet.
    24 | D        | Found a corrupted altar of Lugonu.
    25 | D        | Found a hide-covered altar of Uskayaw.
    25 | D        | Found an ancient bone altar of Kikubaaqudgha.
    25 | D        | Found a broken altar of Ashenzari.
    67 | D        | Reached ** piety under Trog
    80 | D        | Reached skill level 4 in Unarmed Combat
    85 | D        | Noticed Edmund
    94 | D        | Reached *** piety under Trog
   104 | D        | Killed Edmund
   105 | D        | Reached skill level 5 in Fighting
   105 | D        | Reached skill level 5 in Dodging
   105 | D        | Reached skill level 6 in Unarmed Combat
   105 | D        | Reached XP level 3. HP: 42/42 MP: 2/2
   105 | D        | Reached XP level 4. HP: 50/50 MP: 3/3
   163 | D        | Noticed a scorpion
   164 | D        | Noticed a flying skull
   172 | D        | Killed a scorpion
   172 | D        | Reached **** piety under Trog
   173 | D        | Reached skill level 7 in Unarmed Combat
   173 | D        | Reached XP level 5. HP: 59/59 MP: 4/4
   182 | D        | Noticed Terence
   197 | D        | Killed Terence
   197 | D        | Reached ***** piety under Trog
   209 | D        | Received a gift from Trog
   214 | D        | Killed a flying skull
   215 | D        | Reached skill level 8 in Unarmed Combat
   215 | D        | Reached XP level 6. HP: 70/71 MP: 5/5
   234 | D        | Noticed a warg
   250 | D        | Killed a warg
   251 | D        | Reached skill level 9 in Unarmed Combat
   251 | D        | Reached XP level 7. HP: 22/79 MP: 6/6
   327 | D        | Received a gift from Trog
   351 | D        | Noticed a small abomination
   359 | D        | Killed a small abomination
   359 | D        | Received a gift from Trog
   360 | D        | Reached skill level 10 in Unarmed Combat
   475 | D        | Noticed a spriggan
   488 | D        | Killed a spriggan
   489 | D        | Reached XP level 8. HP: 64/92 MP: 7/7
   523 | D        | Noticed Eustachio
   526 | D        | Killed Eustachio
   527 | D        | Reached skill level 11 in Unarmed Combat
   558 | D        | Noticed a blink frog
   559 | D        | Noticed a blink frog
   560 | D        | Noticed a blink frog
   561 | D        | Noticed a blink frog
   561 | D        | Noticed a blink frog
   569 | D        | Killed a blink frog
   572 | D        | Killed a blink frog
   574 | D        | Killed a blink frog
   574 | D        | Received a gift from Trog
   575 | D        | Reached skill level 10 in Fighting
   575 | D        | Reached skill level 10 in Dodging
   577 | D        | Killed a blink frog
   578 | D        | Reached skill level 12 in Unarmed Combat
   579 | D        | Reached XP level 9. HP: 101/102 MP: 8/8
   592 | D        | Noticed a troll
   595 | D        | Killed a troll
   599 | D        | Noticed a flayed ghost
   600 | D        | Noticed an orc knight
   613 | D        | Killed a flayed ghost
   614 | D        | Reached skill level 13 in Unarmed Combat
   614 | D        | Identified the +2 battleaxe of the End of Times {flame,
                  | rN++ rCorr Str+3 SInv} (Trog gifted it to you in the
                  | Dungeon)
   614 | D        | Received a gift from Trog
   616 | D        | Killed an orc knight
   621 | D        | Noticed Urug
   628 | D        | Killed Urug
   629 | D        | Reached XP level 10. HP: 89/115 MP: 9/9
   700 | D        | Noticed a yellow draconian
   701 | D        | Noticed a vampire knight
   706 | D        | Slain by a vampire knight

Illustrated notes

Levels and vault maps discovered:
D:        pitsprint [storerooms_1, entrance_room_1, metal_vault_3, armoury_3,
          mini_pit_1, grid_room_1, main_hall_1, silver_pit, the_coven_1,
          the_vestibule_1, steel_vault_2, golden_pit, hallway_of_sentries,
          crystal_vault_2, iron_vault_3, final_vault]

Skill      XL: |  1  2  3  4  5  6  7  8  9 |
---------------+----------------------------+-----
Fighting       | 3 5 6 7 9 10 11 | 11.8
Dodging        | 3 5 7 9 10 11 | 11.7
Unarmed Combat | 6 7 8 9 10 12 13 | 13.8
Armour         | 4 |  4.4

Action                     |  1- 3 |  4- 6 |  7- 9 | 10-12 || total
---------------------------+-------+-------+-------+-------++-------
  Melee: Unarmed           |    25 |    40 |    56 |    11 ||   132
         Punch             |       |     1 |     2 |       ||     3
 Invoke: Berserk           |     1 |       |     1 |       ||     2
         Brothers in Arms  |       |       |     2 |       ||     2
    Use: Potion            |       |       |     2 |       ||     2
         Scroll            |       |       |     1 |       ||     1
 Armour: Animal skin       |    14 |    26 |    37 |    11 ||    88
  Dodge: Dodged            |     9 |    19 |    31 |     3 ||    62

Table legend: (Time is in decaauts)
 A = Elapsed time spent in this place.
 B = Non-inter-level travel time spent in this place.
 C = Inter-level travel time spent in this place.
 D = Time resting spent in this place.
 E = Time spent auto-exploring this place.
 F = Levels seen in this place.
 G = Mean time per level.
                   A        B        C        D        E       F      G
               +--------+--------+--------+--------+--------+-----+--------+
         Total |    700 |    700 |      0 |     58 |    170 |   1 |  700.0 |
       Dungeon |    700 |    700 |      0 |     58 |    170 |   1 |  700.0 |
               +--------+--------+--------+--------+--------+-----+--------+

Top non-repeatable levels by time:
       D: 700 daAuts
